 Dungeon Crawl Stone Soup version 0.20.0-3-g22ec75f (webtiles) character file.

7091 Kosschaser the Basher (level 11, -1/67 HPs)
             Began as a Gargoyle Fighter on May 27, 2017.
             Was a High Priest of Okawaru.
             Splashed by a jelly's acid (6 damage)
             ... on level 10 of the Dungeon.
             The game lasted 00:29:37 (8249 turns).

Kosschaser the Basher (Gargoyle Fighter)            Turns: 8249, Time: 00:29:39

Health: -1/67      AC: 16    Str: 23    XL:     11   Next: 9%
Magic:  13/13      EV: 15    Int:  9    God:    Okawaru [*****.]
Gold:   458        SH: 11    Dex:  9    Spells: 12/13 levels left

rFire    + . .     SeeInvis .   b - +4 flail
rCold    . . .     Gourm    .   c - +0 shield
rNeg     + . .     Faith    .   x - +2 ring mail {rF+}
rPois    ∞         Spirit   .   g - +0 helmet
rElec    +         Reflect  .   (no cloak)
rCorr    .         Harm     .   w - +0 pair of gloves
MR       .....                  m - +1 pair of boots
Stlth    ..........             (no amulet)
Regen    0.3/turn               E - +4 ring of evasion
MPRegen  0.2/turn               (no ring)

@: corroded
A: negative energy resistance 1, electricity resistance, unbreathing,
petrification resistance, rot immunity, AC +7
a: Heroism, Finesse, Renounce Religion


You were on level 10 of the Dungeon.
You worshipped Okawaru.
Okawaru was extremely pleased with you.
You were not hungry.

You visited 1 branch of the dungeon, and saw 10 of its levels.

You collected 458 gold pieces.

Inventory:

Hand Weapons
 b - a +4 flail (weapon)
 v - a +0 flail of crushing
Armour
 c - a +0 shield (worn)
 g - a +0 helmet (worn)
 m - a +1 pair of boots (worn)
 w - a +0 pair of gloves (worn)
 x - a +2 ring mail of fire resistance (worn)
Jewellery
 E - a +4 ring of evasion (left hand)
 L - an uncursed ring of stealth {unknown}
 M - an uncursed ring of stealth {unknown}
Wands
 y - a wand of polymorph (16/24)
 B - a wand of confusion (33/48)
 D - a wand of clouds (6/9)
 G - a wand of polymorph (13/24)
 K - a wand of paralysis (12/24)
Scrolls
 e - a scroll of blinking
 k - 4 scrolls of remove curse
 n - 3 scrolls of magic mapping
 r - 4 scrolls of fog
 t - 4 scrolls of teleportation
 u - 2 scrolls of recharging
 C - a scroll of enchant armour {unknown}
 H - a scroll of identify
 I - a scroll of noise {unknown}
Potions
 a - a potion of magic
 d - 3 potions of might
 h - 2 potions of brilliance
 i - 2 potions of ambrosia
 j - a potion of degeneration {unknown}
 l - 5 potions of curing
 o - 3 potions of agility {unknown}
 p - a potion of lignification {unknown}
 q - 2 potions of berserk rage
 F - a potion of cancellation {unknown}
Books
 J - a book of Frost

   Spells                             Type                      Level
   a - Freeze                         Ice                          1
   b - Throw Frost                    Conjuration/Ice              2
   c - Ozocubu's Armour               Charms/Ice                   3
   d - Throw Icicle                   Conjuration/Ice              4
   e - Summon Ice Beast               Ice/Summoning                4
Comestibles
 f - 5 bread rations
 z - a royal jelly
 A - 3 meat rations


   Skills:
 + Level 7.2 Fighting
 + Level 10.4 Maces & Flails
 + Level 6.5 Armour
 + Level 4.7 Dodging
 + Level 9.7 Shields
 + Level 1.8 Spellcasting
 + Level 1.7 Ice Magic
 + Level 0.2 Invocations


You had 12 spell levels left.
You knew the following spells:

 Your Spells              Type           Power        Failure   Level  Hunger
a - Freeze                Ice            #...         45%         1    ##.....


Dungeon Overview and Level Annotations

Branches:
Dungeon (10/15)            Temple (0/1) D:4
   Lair: D:8-11         Orc: D:9-12

Altars:
Cheibriados
Okawaru
Vehumet
Zin
The Shining One

Shops:
D:7 (   D:10 %


Innate Abilities, Weirdness & Mutations

You are resistant to torment.
Your stone body is resilient. (AC +7)
You are immune to poison.
You resist negative energy. (rN+)
You are resistant to electric shocks. (rElec)
You can survive without breathing.
You are immune to petrification.
You are immune to rotting.


Message History

Found Qielun's Food Emporium.
You completely miss the jelly. You block the jelly's attack.
You hit the gargoyle but do no damage.
The gargoyle is severely damaged.
The jelly barely misses you. You block the gargoyle's attack.
You sock the gargoyle!
You destroy the gargoyle!
Okawaru accepts your kill. The jelly hits you but does no damage.
You hit the jelly. The acid corrodes you!
Your hands burn!
* * * LOW HITPOINT WARNING * * *
The jelly is moderately wounded.
The jelly hits you but does no damage.
You sock the jelly!
Your hands burn!
* * * LOW HITPOINT WARNING * * *
The jelly is severely wounded.
The jelly hits you.
* * * LOW HITPOINT WARNING * * *
You are splashed with acid!
The acid burns!
You die...

####### #.....# #.....#
#.....# #.....# #.....#
#.....# #.J@).######
##..........#
.............#
∩....#####.....#########
..... #............<.
.... ######......... ...
#......... .##
#......... #.........


You could see a jelly.

Vanquished Creatures
  2 two-headed ogres
  A gargoyle (D:10)
  10 yaks (D:9)
  Duvessa (D:6)
  An orc warrior (D:9)
  4 sky beasts
  3 ice beasts
  A black bear (D:8)
  A necrophage (D:9)
  3 phantoms
  2 ogres
  3 centaurs
  2 big kobolds
  5 bullfrogs
  A wyvern zombie (D:5)
  Dowan (D:6)
  A water moccasin zombie (D:3)
  4 wights (D:7)
  8 killer bees (D:9)
  3 howler monkeys (D:8)
  5 crimson imps
  2 bullfrog zombies
  An iron imp (D:5)
  A hound (D:5)
  3 jellies
  6 orc wizards
  A quasit (D:8)
  3 orc priests
  2 iguanas
  A bullfrog skeleton (D:6)
  Terence (D:2)
  3 worker ants
  Natasha (D:3)
  5 hound zombies
  2 hound skeletons
  3 worker ant zombies
  8 adders
  2 oozes
  2 adder zombies
  An adder skeleton (D:4)
  3 worms
  3 dart slugs
  10 leopard geckos
  17 orcs
  6 bats
  7 giant cockroaches
  7 goblins
  9 hobgoblins
  13 jackals
  12 kobolds
  2 quokkas
  4 ball pythons
  7 frilled lizards
  A goblin skeleton (D:5)
  A goblin zombie (D:5)
  2 hobgoblin zombies (D:5)
  A jackal skeleton (D:6)
  A jackal zombie (D:4)
  A kobold skeleton (D:5)
  A leopard gecko zombie (D:4)
  2 orc skeletons (D:5)
  3 orc zombies (D:5)
  A quokka skeleton (D:5)
  A quokka zombie (D:4)
  11 rats
236 creatures vanquished.

Notes
Turn   | Place    | Note
-------+----------+-------------------------------------------
     0 | D:1      | Kosschaser the Gargoyle Fighter began the quest for the Orb.
     0 | D:1      | Reached XP level 1. HP: 14/14 MP: 1/1
   363 | D:1      | Reached XP level 2. HP: 19/19 MP: 2/2
   832 | D:1      | Reached XP level 3. HP: 23/23 MP: 3/3
   903 | D:2      | Found an iron altar of Okawaru.
   904 | D:2      | Noticed Terence
   938 | D:2      | Killed Terence
   938 | D:2      | Reached XP level 4. HP: 18/28 MP: 4/4
   965 | D:2      | Became a worshipper of Warmaster Okawaru
  1000 | D:2      | Reached skill level 3 in Maces & Flails
  1378 | D:2      | Found a snail-covered altar of Cheibriados.
  1462 | D:2      | Reached XP level 5. HP: 32/32 MP: 5/5
  1536 | D:3      | Noticed an ice beast
  1977 | D:3      | Killed an ice beast
  1977 | D:3      | Reached skill level 1 in Dodging
  2349 | D:3      | Reached XP level 6. HP: 20/38 MP: 6/6
  2424 | D:3      | Found a radiant altar of Vehumet.
  2431 | D:3      | Found a glowing silver altar of Zin.
  2498 | D:3      | Reached skill level 4 in Maces & Flails
  2652 | D:3      | Noticed Natasha
  2663 | D:3      | Killed Natasha
  3099 | D:4      | Reached * piety under Okawaru
  3099 | D:4      | Reached skill level 5 in Shields
  3137 | D:4      | Reached XP level 7. HP: 32/42 MP: 7/7
  3189 | D:4      | HP: 2/42 [orc wizard/puff of frost (10)]
  3571 | D:4      | Found a staircase to the Ecumenical Temple.
  3772 | D:5      | Entered Level 5 of the Dungeon
  3807 | D:5      | Reached skill level 5 in Maces & Flails
  3927 | D:5      | Reached skill level 5 in Armour
  4009 | D:5      | Reached XP level 8. HP: 11/48 MP: 8/8
  4242 | D:5      | Reached skill level 6 in Maces & Flails
  4417 | D:5      | Found a glowing golden altar of the Shining One.
  4816 | D:6      | Reached ** piety under Okawaru
  5082 | D:6      | Noticed Duvessa
  5082 | D:6      | Noticed Dowan
  5104 | D:6      | Killed Duvessa
  5104 | D:6      | Reached skill level 5 in Fighting
  5104 | D:6      | Reached skill level 7 in Maces & Flails
  5119 | D:6      | Killed Dowan
  5337 | D:6      | Reached XP level 9. HP: 54/54 MP: 9/9
  5563 | D:7      | Found Sobbygum's Antique Weapon Emporium.
  5658 | D:7      | Reached *** piety under Okawaru
  6136 | D:7      | Reached skill level 8 in Maces & Flails
  6510 | D:8      | Noticed a two-headed ogre
  6579 | D:8      | Killed a two-headed ogre
  6815 | D:8      | Reached XP level 10. HP: 54/60 MP: 10/10
  7004 | D:8      | Reached **** piety under Okawaru
  7100 | D:8      | Reached skill level 9 in Maces & Flails
  7572 | D:9      | Learned a level 1 spell: Freeze
  7728 | D:9      | Noticed a two-headed ogre
  7752 | D:9      | Killed a two-headed ogre
  7752 | D:9      | Reached ***** piety under Okawaru
  7752 | D:9      | Reached skill level 10 in Maces & Flails
  7752 | D:9      | Reached skill level 1 in Spellcasting
  7767 | D:9      | Reached skill level 1 in Ice Magic
  8029 | D:9      | Reached XP level 11. HP: 65/67 MP: 13/13
  8216 | D:10     | Entered Level 10 of the Dungeon
  8244 | D:10     | Found Qielun's Food Emporium.
  8249 | D:10     | Splashed by a jelly's acid

Skill      XL: |  1  2  3  4  5  6  7  8  9 10 |
---------------+-------------------------------+-----
Shields        | 4 5 6 8 9 |  9.7
Armour         | 4 5 6 |  6.5
Maces & Flails | 3 4 5 7 8 10 | 10.4
Dodging        | 1 2 3 4 |  4.7
Fighting       | 4 5 6 7 |  7.2
Spellcasting   | 1 |  1.8
Ice Magic      | 1 |  1.7
Invocations    | |  0.2

Action                   |  1- 3 |  4- 6 |  7- 9 | 10-12 || total
-------------------------+-------+-------+-------+-------++-------
Melee: Flail             |   117 |   286 |   496 |   284 ||  1183
       Mace              |       |       |    18 |       ||    18
 Cast: Freeze            |       |       |       |    12 ||    12
Invok: Heroism           |       |       |       |     1 ||     1
  Use: Potion            |       |       |     1 |       ||     1
       Scroll            |       |       |    13 |       ||    13
  Eat: Chunk             |       |     8 |    11 |     7 ||    26
       Fruit             |       |       |       |     1 ||     1
Armor: Scale mail        |    72 |   198 |   174 |       ||   444
       Ring mail         |       |       |    83 |   162 ||   245
Dodge: Dodged            |    48 |   122 |   159 |   156 ||   485
Block: Shield            |    70 |   189 |   271 |   214 ||   744
